 Dungeon Crawl Stone Soup version 0.30-a0-168-g0b976cbdc4 (webtiles) character file.

Game seed: 11386229475790228924

4 gzilladon the Gusty (level 1, -2/16 HPs)
             Began as an Ogre Air Elementalist on Sept 29, 2022.
             Killed from afar by a dart slug (6 damage)
             ... with a slug dart
             ... on level 1 of the Dungeon.
             The game lasted 00:01:25 (834 turns).

gzilladon the Gusty (Ogre Air Elementalist)          Turns: 834, Time: 00:01:26

Health: -2/16      AC:  3    Str: 11    XL:     1   Next: 70%
Magic:  4/4        EV: 10    Int: 16    God:
Gold:   11         SH:  0    Dex:  9    Spells: 4/5 levels left

rFire   . . .      SeeInvis .    g - +0 club
rCold   . . .      Faith    .    (no shield)
rNeg    . . .      Spirit   .    a - +0 robe
rPois   .          Reflect  .    (helmet restricted)
rElec   .          Harm     .    (no cloak)
rCorr   .          Rampage  .    (gloves unavailable)
Will    .....                    (boots unavailable)
Stlth   +.........               (no amulet)
HPRegen 0.05/turn                (no ring)
MPRegen 0.09/turn                (no ring)

@: no status effects
A: large, unfitting armour, tough skin 1
a: no special abilities


You were on level 1 of the Dungeon.
You visited 1 branch of the dungeon, and saw 1 of its levels.

You collected 11 gold pieces.

Inventory:

Hand Weapons
 e - a +0 short sword
 g - a +0 club (weapon)
Missiles
 f - 3 stones
Armour
 a - a +0 robe (worn)
 h - a +0 leather armour
Scrolls
 d - a scroll of vulnerability {unknown}
 i - 2 scrolls of identify {unknown}
Potions
 b - a potion of magic
 c - a potion of flight {unknown}
 j - a potion of attraction {unknown}


   Skills:
 + Level 0.1 Short Blades
 + Level 2.0 Dodging
 + Level 1.4 Stealth
 * Level 2.5 Spellcasting
 + Level 0.8 Conjurations
 + Level 2.8 Air Magic


You had 4 spell levels left.
You knew the following spells:

 Your Spells              Type           Power      Damage    Failure   Level
a - Shock                 Conj/Air       28%        1d4       10%         1

Your spell library contained the following spells:

 Spells                   Type           Power      Damage    Failure   Level
 Static Discharge         Conj/Air       14%        2-3/arc   14%         2
 Swiftness                Air            10%        N/A       19%         3
 Airstrike                Air            5%         2d(1-17)  52%         4


Dungeon Overview and Level Annotations

Branches:
Dungeon (1/15)

Altars:


Innate Abilities, Weirdness & Mutations

You are too large for most types of armour.
You have tough skin. (AC +1)


Message History

The rat completely misses you.
You hit the rat but do no damage.
The rat is heavily wounded.
The rat bites you. x2
You closely miss the rat.
The rat is heavily wounded.
The rat barely misses you.
You hit the rat.
You kill the rat!
i - 2 scrolls labelled YTOSCH KYGOSUE (gained 1)
j - a sapphire potion A dart slug comes into view.
A dart slug is nearby!
The dart slug launches a dart at you. The slug dart hits you.
You hit the dart slug but do no damage. The dart slug launches a dart at you.
The slug dart misses you.
You hit the dart slug.
The dart slug is moderately wounded.
The dart slug bites you.
You hit the dart slug.
The dart slug is heavily wounded.
The dart slug bites you.
You hit the dart slug but do no damage.
The dart slug is heavily wounded.
The dart slug closely misses you.
You hit the dart slug but do no damage.
The dart slug is heavily wounded.
The dart slug bites you.
You barely miss the dart slug.
The dart slug is heavily wounded.
The dart slug launches a dart at you. The slug dart hits you.
* * * LOW HITPOINT WARNING * * *
You hit the dart slug.
The dart slug is almost dead.
The dart slug launches a dart at you. The slug dart hits you.
You die...

### #.. #####.####
#........# #........+
#........# #...w....#
#...@....# #........#
#........######
##..#+###......###...
#>.........).........
#.....#####....###...
#.........+....+ .
#.#########....#
#####.# #.####


You could see a dart slug.

Vanquished Creatures
  An endoplasm (D:1)
  2 ball pythons (D:1)
  2 frilled lizards (D:1)
  A rat (D:1)
6 creatures vanquished.

Notes
Turn   | Place    | Note
-------+----------+-------------------------------------------
     0 | D:1      | gzilladon the Ogre Air Elementalist began the quest for the
                  | Orb.
     0 | D:1      | Reached XP level 1. HP: 16/16 MP: 3/3
   327 | D:1      | Found a faded altar of an unknown god.
   834 | D:1      | Killed from afar by a dart slug

Illustrated notes

Levels and vault maps discovered:
D:1:      lightli_arrival_isolated_outpost, layout_basic,
          hellmonk_ecumenical_altar_lost_god

Skill      XL: |  1 |
---------------+----+-----
Dodging        | 2 |  2.0
Short Blades   | |  0.1
Stealth        | |  1.4
Spellcasting   | |  2.5
Conjurations   | |  0.8
Air Magic      | |  2.8

Action                   || total
-------------------------++-------
Melee: Club              ||    31
       Unarmed           ||     7
       Short sword       ||     4
Armor: Robe              ||     6
Dodge: Dodged            ||    21

Table legend: (Time is in decaauts)
 A = Elapsed time spent in this place.
 B = Non-inter-level travel time spent in this place.
 C = Inter-level travel time spent in this place.
 D = Time resting spent in this place.
 E = Time spent auto-exploring this place.
 F = Levels seen in this place.
 G = Mean time per level.
                   A        B        C        D        E       F      G
               +--------+--------+--------+--------+--------+-----+--------+
         Total |    842 |    826 |     16 |    577 |      0 |   1 |  842.0 |
       Dungeon |    842 |    826 |     16 |    577 |      0 |   1 |  842.0 |
               +--------+--------+--------+--------+--------+-----+--------+

Top non-repeatable levels by time:
     D:1: 842 daAuts
